 Dungeon Crawl Stone Soup version 0.30-a0-972-gf3ab3527aa (webtiles) character file.

Game seed: 9229424618875359946

114 retardedninja the Covered (level 4, -4/40 HPs)
             Began as an Armataur Fighter on Mar 31, 2023.
             Slain by a gnoll
             ... wielding a +0 halberd
              (11 damage)
             ... on level 3 of the Dungeon.
             The game lasted 00:02:41 (1537 turns).

retardedninja the Covered (Armataur Fighter)        Turns: 1537, Time: 00:02:42

Health: -4/40      AC:  9    Str: 21    XL:     4   Next: 66%
Magic:  4/4        EV:  7    Int:  8    God:
Gold:   147        SH:  5    Dex: 12    Spells: 3/3 levels left

rFire   . . .      SeeInvis .    a - +0 long sword
rCold   . . .      Faith    .    c - +0 buckler
rNeg    . . .      Spirit   .    b - +0 scale mail
rPois   .          Reflect  .    (no helmet)
rElec   .          Roll     +    m - +0 cloak
rCorr   .                        j - +0 pair of gloves
Will    .....                    (no barding) Stlth
                                 (no amulet)
HPRegen 0.26/turn                (no ring)
MPRegen 0.09/turn                (no ring)

@: hasted, very quick
A: large, rugged brown scales 3, deformed body, armoured tail, roll, long
tongue, awkward tongue
a: no special abilities


You were on level 3 of the Dungeon.
You visited 1 branch of the dungeon, and saw 3 of its levels.

You collected 147 gold pieces.

Inventory:

Hand Weapons
 a - a +0 long sword (weapon)
Armour
 b - a +0 scale mail (worn)
 c - a +0 buckler (worn)
 j - a +0 pair of gloves (worn)
 m - a +0 cloak (worn)
Wands
 k - a wand of roots (10)
Scrolls
 g - a scroll of enchant armour {unknown}
 i - a scroll of identify {unknown}
 l - a scroll of silence {unknown}
Potions
 d - a potion of might
 f - a potion of lignification {unknown}
 h - a potion of degeneration {unknown}
 n - a potion of curing {unknown}


   Skills:
 + Level 3.3 Fighting
 * Level 2.9 Long Blades
 + Level 4.4 Armour
 + Level 4.0 Shields


You had 3 spell levels left.
You didn't know any spells.
Your spell library contained the following spells:

 Spells                   Type           Power      Damage    Failure   Level
 Ozocubu's Armour         Ice            0%         N/A       99%         3
 Metabolic Englaciation   Hex/Ice        0%         N/A       100%        5
 Simulacrum               Ice/Necr       0%         N/A       100%        6


Dungeon Overview and Level Annotations

Branches:
Dungeon (3/15)

Altars:


Innate Abilities, Weirdness & Mutations

You are completely covered in rugged brown scales. (AC +3, +7% HP)
Armour fits poorly on your strangely shaped body.
You have a long armoured tail.
You roll when moving toward enemies. (Rampage)
Your long tongue fully drains potion bottles. (2x potion effects)
Your tongue gives you trouble enunciating. (1.5x scroll delay)


Message History

You are too injured to fight recklessly!
You block the gnoll's attack.
You see here a hobgoblin corpse.
You barely miss the gnoll. You tail-slap the gnoll.
The gnoll is heavily wounded.
The gnoll closely misses you. The gnoll completely misses you.
You slash the gnoll!
You kill the gnoll!
The gnoll closely misses you.
You hit the dart slug.
The dart slug is lightly wounded.
The gnoll hits you from afar with a +0 halberd.
The dart slug bites you.
You hit the dart slug. You tail-slap the dart slug.
The dart slug is heavily wounded.
You block the gnoll's attack.
A hound comes into view.
The gnoll hits you from afar with a +0 halberd.
You block the dart slug's attack.
You completely miss the dart slug.
The hound barks!
You tail-slap the dart slug.
The dart slug is almost dead.
The gnoll barely misses you. The dart slug launches a dart at you.
The slug dart hits you.
You slash the dart slug!
You kill the dart slug!
The gnoll hits you from afar with a +0 halberd!
* * * LOW HITPOINT WARNING * * *
You roll towards the gnoll!
You hit the gnoll.
The gnoll is severely wounded.
The gnoll closely misses you. The hound barely misses you.
The gnoll barely misses you.
It was a potion of haste.
You feel yourself speed up.
You slurp down every last drop of the potion of haste!
The hound bites you.
* * * LOW HITPOINT WARNING * * *
The gnoll hits you with a +0 halberd!
You die...

.. ... ### ##.. ♣§. ♣P.
♣♣ ♣§♣.♣ .♣ ♣§♣♣ ♣P♣♣♣.§♣
♣♣♣.♣.♣†.♣ ##♣♣
♣P♣.P.♣@P♣
#P.♣♣♣♣♣♣P♣.♣.gh♣
♣.♣♣.♣.♣.♣♣..♣.....)...#
#.♣PP♣.♣P.♣.P♣.P♣........
#♣P.§♣P.♣.♣♣.♣P.P.♣...#..
#.P♣.♣..P♣.♣♣♣P.♣..P...
##♣.♣♣.♣.♣..♣P♣........#
#P§ ♣♣♣P...♣..PP♣P....P
##♣ ♣♣♣♣†....♣..♣♣♣P.♣♣


You could see a hound and a gnoll.

Vanquished Creatures
  Jessica (D:2)
  A gnoll (D:3)
  An adder (D:3)
  A dart slug (D:3)
  3 orcs (D:3)
  4 endoplasms
  2 giant cockroaches
  5 goblins
  6 hobgoblins
  3 jackals (D:2)
  5 quokkas
  10 ball pythons
  6 bats
  4 frilled lizards
  4 kobolds
  4 rats
60 creatures vanquished.

Vanquished Creatures (others)
  16 plants (D:3)
16 creatures vanquished.

Grand Total: 76 creatures vanquished

Notes
Turn   | Place    | Note
-------+----------+-------------------------------------------
     0 | D:1      | retardedninja the Armataur Fighter began the quest for the
                  | Orb.
     0 | D:1      | Reached XP level 1. HP: 19/19 MP: 1/1
   189 | D:1      | Reached XP level 2. HP: 26/26 MP: 2/2
   249 | D:1      | You fall into a shaft and drop 1 floor!
   449 | D:1      | Reached XP level 3. HP: 28/33 MP: 3/3
  1025 | D:2      | Noticed Jessica
  1029 | D:2      | Killed Jessica
  1030 | D:2      | Reached XP level 4. HP: 40/40 MP: 4/4
  1537 | D:3      | Slain by a gnoll

Illustrated notes

Levels and vault maps discovered:
D:1:      mainiacjoe_arrival_reflecting_pool, layout_loops_ring,
          columned_hall_lemuel, minmay_pentomino_t4
D:2:      layout_basic, grunt_ministairs_1, st_stairs_7, uniq_jessica
D:3:      wad_woods_stonehenge, layout_loops_ring,
          shapermc_ecumenical_altar_pompeii, chequers_serial_rivers_micro_a,
          amcnicky_mini_corridor_feature, nicolae_underground_beach,
          uniq_natasha, uniq_ijyb

Skill      XL: |  1  2  3  4 |
---------------+-------------+-----
Long Blades    | 2 |  2.9
Fighting       | 3 |  3.3
Armour         | 4 |  4.4
Shields        | 4 |  4.0

Action                     |  1- 3 |  4- 6 || total
---------------------------+-------+-------++-------
  Melee: Long sword        |   119 |    58 ||   177
         Tailslap          |     7 |     7 ||    14
    Use: Potion            |       |     1 ||     1
 Armour: Scale mail        |   115 |    32 ||   147
  Dodge: Dodged            |    57 |    30 ||    87
  Block: Buckler           |    37 |    16 ||    53

Table legend: (Time is in decaauts)
 A = Elapsed time spent in this place.
 B = Non-inter-level travel time spent in this place.
 C = Inter-level travel time spent in this place.
 D = Time resting spent in this place.
 E = Time spent auto-exploring this place.
 F = Levels seen in this place.
 G = Mean time per level.
                   A        B        C        D        E       F      G
               +--------+--------+--------+--------+--------+-----+--------+
         Total |   1592 |   1552 |     40 |      0 |   1151 |   3 |  530.7 |
       Dungeon |   1592 |   1552 |     40 |      0 |   1151 |   3 |  530.7 |
               +--------+--------+--------+--------+--------+-----+--------+

Top non-repeatable levels by time:
     D:1: 801 daAuts
     D:2: 518 daAuts
     D:3: 272 daAuts
